cohdb
Replays
Latest Replays
All Replays
Popular Replays
Top Player Replays
Match Explorer
How It Works
Community
CoH3 Stats
Reddit
Sign in to upload your games and track your stats! →
Sign in with Steam
Match 42488366
Unlisted
Match 42488366
Overview
Messages
Build Orders
End
Vickers Machine Gun Team
Construct Section Command Post
Dingo Light Scout Car
Infantry Section
Royal Engineer Section
Infantry Section
Selects Canadian Shock Battlegroup
Selects Incendiary Munitions
Grenade Package
Construct Platoon Command Post
Selects Attacking Spirit
Construct Company Command Post
Selects Pyrotechnics
Selects Canadian Shock Section
Matilda II Heavy Tank
Infantry Section
Infantry Training
Canadian Shock Section
Selects Churchill Crocodile Heavy Tank
Churchill Crocodile Heavy Tank
CMP 15cwt Truck
PaniCoC
Ardy
Jeremy
NewDe
le12ro-Olivier
Luziefer
***** *******
Dolan Tittenberg
0
0
Comments
sign in to comment!
No comments posted yet!